[Event "Titled Tuesday Blitz June 28 Late 2022"]
[White "Chen, Max"]
[Black "Popilski, Gil"]
[WhiteFideId "2622440"]
[BlackFideId "2809060"]
[WhiteElo "2406"]
[BlackElo "2537"]
[Result "1-0"]
[Round "05"]
[TimeControl "180+1"]
[Date "2022.06.29"]
[WhiteClock "0:00:07"]
[BlackClock "0:00:27"]

1. e4 c5 2. c3 Nf6 3. e5 Nd5 4. d4 cxd4 5. Nf3 d6 6. cxd4 e6 7. Bc4 Be7 8. O-O O-O 9. Nc3 dxe5 10. Bxd5 exd4 11. Qxd4 exd5 12. Nxd5 Nc6 13. Nxe7+ Qxe7 14. Qc3 Bf5 15. Re1 Qd6 16. Be3 Rad8 17. Bc5 Qd5 18. Bxf8 Kxf8 19. a3 a5 20. Rac1 Be4 21. Re3 b6 22. h3 Rd6 23. Rce1 Re6 24. Ng5 Qxg5 25. Rxe4 Rxe4 26. Rxe4 Qd5 27. Re1 h6 28. Qe3 g6 29. Qxb6 Kg7 30. Qe3 a4 31. Qc3+ Kh7 32. Rc1 Nd4 33. Qe3 Nf5 34. Qf3 Qd2 35. Qc3 Qd5 36. Re1 Nh4 37. Qg3 Nf5 38. Qf3 Qd2 39. Qe2 Qd5 40. g3 Nd4 41. Qe4 Nf3+ 42. Kh1 Qb3 43. Re3 Qd1+ 44. Kg2 Nd2 45. Qd3 Qc1 46. Re7 Kg8 47. Qd8+ Kg7 48. Qd4+ Kg8 49. Re8+ Kh7 50. Rh8# 1-0


[Site "https://www.chess.com"]

[Event "Titled Tuesday Blitz June 28 Late 2022"]
[White "Corrales Jimenez, Fidel"]
[Black "Daeschler, Florian"]
[WhiteFideId "3506690"]
[BlackFideId "20678193"]
[WhiteElo "2541"]
[BlackElo "2221"]
[Result "1-0"]
[Round "05"]
[TimeControl "180+1"]
[Date "2022.06.29"]
[WhiteClock "0:00:13"]
[BlackClock "0:00:03"]

1. d4 Nf6 2. c4 c5 3. d5 b5 4. cxb5 a6 5. bxa6 g6 6. Nc3 Bxa6 7. Nf3 Bg7 8. e4 Bxf1 9. Kxf1 d6 10. g3 O-O 11. Kg2 Nbd7 12. Qe2 Qa5 13. Bd2 Rfb8 14. b3 Ng4 15. h3 Nge5 16. Nxe5 Bxe5 17. Na4 Qa7 18. Bc3 Bxc3 19. Nxc3 Rb4 20. h4 h5 21. Rac1 Ne5 22. Rhd1 Qb7 23. Rd2 Kh7 24. Nd1 Qa7 25. Rc3 Qa5 26. Rdc2 Rab8 27. f3 Qa7 28. Nf2 Qd7 29. f4 Ng4 30. Nxg4 hxg4 31. Rc4 R4b6 32. Rd2 Ra8 33. e5 Qf5 34. Re4 Kg7 35. Qe3 Rba6 36. a4 Rb6 37. Rc4 Rab8 38. Rd3 Rb4 39. Rxb4 Rxb4 40. a5 Re4 41. Qd2 dxe5 42. fxe5 Qxe5 43. Qc3 Re2+ 44. Kf1 Qxc3 45. Rxc3 Ra2 46. Rxc5 Kf6 47. b4 Ke5 48. Rc7 Ke4 49. Rxe7+ Kf3 50. Rxf7+ Kxg3 51. d6 Kh2 52. Rf6 g3 53. Rxg6 g2+ 54. Ke1 Ra3 55. Rxg2+ Kxg2 56. Kd2 Rg3 57. d7 Rg8 58. Kc3 Rd8 59. Kc4 Rxd7 60. Kc5 Kf3 61. b5 Rg7 62. Kc6 Ke4 63. b6 Rg6+ 64. Kb7 Kd5 65. h5 Rg7+ 66. Kb8 Kc6 67. h6 Rg8+ 68. Ka7 Rh8 69. a6 Rxh6 70. b7 Rh7 71. Ka8 Kb6 72. b8=Q+ Kxa6 73. Qd6+ Kb5 74. Qe5+ Kc4 75. Qe4+ Kc3 76. Qxh7 Kb4 77. Kb7 Ka5 78. Qf5+ 1-0


[Site "https://www.chess.com"]

[Event "Titled Tuesday Blitz June 28 Late 2022"]
[White "Cruz, Cristhian"]
[Black "Maksimovic, Bojan"]
[WhiteFideId "3801969"]
[BlackFideId "14408120"]
[WhiteElo "2497"]
[BlackElo "2453"]
[Result "1-0"]
[Round "05"]
[TimeControl "180+1"]
[Date "2022.06.28"]
[WhiteClock "0:00:07"]
[BlackClock "0:00:04"]

1. d4 Nf6 2. c4 g6 3. Nc3 Bg7 4. e4 d6 5. Nf3 O-O 6. Be2 Nbd7 7. O-O e5 8. Re1 Qe7 9. d5 c5 10. g3 Kh8 11. Bg5 h6 12. Bd2 Nh7 13. Nh4 Ndf6 14. a3 Bd7 15. b4 b6 16. bxc5 bxc5 17. Rb1 Rab8 18. Qc2 Ng8 19. Rxb8 Rxb8 20. Rb1 Qd8 21. Nb5 Bxb5 22. cxb5 h5 23. a4 Bf6 24. Ng2 h4 25. a5 h3 26. Ne3 Bg5 27. Nc4 Kg7 28. f4 exf4 29. gxf4 Bf6 30. Kh1 Bd4 31. Qd3 Ngf6 32. Bf3 Qd7 33. b6 axb6 34. axb6 Ng4 35. Be1 Nf2+ 36. Bxf2 Bxf2 37. Qe2 Bd4 38. Bg4 Qa4 39. Bxh3 Nf6 40. Nxd6 Nh5 41. Nf5+ Kh7 42. Nxd4 Qxd4 43. Qf3 c4 44. b7 c3 45. Bc8 c2 46. Rc1 Qd2 47. Qf1 Nxf4 48. d6 Kg7 49. d7 Nh3 50. d8=Q Qxd8 51. Rxc2 Ng5 52. Re2 Qe7 53. Qf4 Nh3 54. Qxb8 Qg5 55. Qg3 Qc1+ 56. Kg2 Nf4+ 57. Kf3 Qf1+ 58. Qf2 Qh3+ 59. Kxf4 Kf6 60. e5+ Ke7 61. Ke4 Qb3 62. Qf6+ Kf8 63. Qd6+ Kg7 64. Qd4 Qb1+ 65. Ke3 Qg1+ 66. Kd3 Qd1+ 67. Rd2 Qb3+ 68. Ke4 Qb1+ 69. Kd5 Qb5+ 70. Kd6 Kf8 71. Kc7 Qa5+ 72. Qb6 Qxd2 73. Qd6+ Kg7 74. Qxd2 f5 75. Qc3 Kh6 76. e6 Kg5 77. Qd2+ f4 78. Qe1 Kg4 79. e7+ Kf3 80. e8=Q g5 81. Q8e2# 1-0


[Site "https://www.chess.com"]

[Event "Titled Tuesday Blitz June 28 Late 2022"]
[White "Curtis, John"]
[Black "Gatterer, Florian"]
[WhiteFideId "3200256"]
[BlackFideId "811688"]
[WhiteElo "2203"]
[BlackElo "2218"]
[Result "0-1"]
[Round "05"]
[TimeControl "180+1"]
[Date "2022.06.29"]
[WhiteClock "0:00:03"]
[BlackClock "0:00:35"]

1. e4 c6 2. d4 d5 3. Nd2 dxe4 4. Nxe4 Bf5 5. Ng3 Bg6 6. Nf3 e6 7. h4 h6 8. Ne5 Bh7 9. Bc4 Nd7 10. Qe2 Nxe5 11. dxe5 Ne7 12. h5 Nd5 13. Ne4 Bb4+ 14. c3 Be7 15. g3 b5 16. Bd3 O-O 17. a3 Qc7 18. f4 f5 19. exf6 Nxf6 20. Nxf6+ Bxf6 21. Bg6 Bxg6 22. hxg6 e5 23. f5 e4 24. Bf4 Be5 25. Qxe4 Bxf4 26. Qxf4 Qxf4 27. gxf4 Rxf5 28. O-O Raf8 29. Rad1 Rd5 30. Rxd5 cxd5 31. Rd1 Rd8 32. Re1 Kf8 33. Re6 d4 0-1


[Site "https://www.chess.com"]

[Event "Titled Tuesday Blitz June 28 Late 2022"]
[White "Dauner, Benedikt"]
[Black "Jorajuria Mendoza, Algol"]
[WhiteFideId "16225899"]
[BlackFideId "5128897"]
[WhiteElo "2230"]
[BlackElo "1600"]
[Result "0-1"]
[Round "05"]
[TimeControl "180+1"]
[Date "2022.06.28"]
[WhiteClock "0:00:10"]
[BlackClock "0:00:05"]

1. b3 d5 2. Bb2 Nf6 3. e3 g6 4. Nf3 Bg7 5. Be2 O-O 6. O-O c5 7. d4 Ne4 8. Nbd2 Nc6 9. c3 e5 10. dxe5 Nxe5 11. Nxe4 dxe4 12. Nxe5 Bxe5 13. Qxd8 Rxd8 14. Rfd1 Be6 15. h3 c4 16. Rxd8+ Rxd8 17. Rd1 Rc8 18. bxc4 b6 19. g4 h6 20. Kg2 a5 21. Rd2 Bxc4 22. Bxc4 Rxc4 23. Rd8+ Kg7 24. Rd5 Bxc3 25. Bxc3+ Rxc3 26. Rb5 Ra3 27. Rxb6 Rxa2 28. Ra6 a4 29. Kg3 a3 30. Kg2 Kf8 31. h4 Ke7 32. g5 hxg5 33. hxg5 Kd7 34. Ra4 Ke6 35. Rxe4+ Kf5 36. Ra4 Kxg5 37. Kf3 f5 38. Ra5 Kh4 39. Ra8 Ra1 40. Rh8+ Kg5 41. Ra8 Kf6 42. Ra7 Ke5 43. Ra6 Kd5 44. Ra5+ Kc4 45. Ra6 Kb3 46. Rb6+ Kc3 47. Rxg6 Rc1 48. Ra6 Kb2 49. Kf4 a2 50. Kxf5 Rf1 51. f4 Rf3 52. Rxa2+ Kxa2 53. e4 Kb3 54. e5 Kc4 55. e6 Kd5 56. e7 Re3 57. Kf6 Kd6 58. f5 Rxe7 59. Kg6 Ke5 60. f6 Re6 61. Kg7 Rxf6 62. Kg8 Ke6 63. Kg7 Ke7 64. Kg8 Rf7 65. Kh8 Kf6 66. Kg8 Kg6 67. Kh8 Rf8# 0-1


[Site "https://www.chess.com"]

[Event "Titled Tuesday Blitz June 28 Late 2022"]
[White "De La Colina, Nicolas"]
[Black "Vidonyak, Roman"]
[WhiteFideId "30946921"]
[BlackFideId "14100622"]
[WhiteElo "2046"]
[BlackElo "2338"]
[Result "0-1"]
[Round "05"]
[TimeControl "180+1"]
[Date "2022.06.29"]
[WhiteClock "0:00:29"]
[BlackClock "0:00:19"]

1. e4 c5 2. c3 d5 3. exd5 Qxd5 4. Nf3 Nc6 5. d4 cxd4 6. cxd4 e5 7. Nc3 Bb4 8. Bd2 Bxc3 9. Bxc3 e4 10. Ne5 Nxe5 11. dxe5 Ne7 12. Qa4+ Bd7 13. Qb4 Qe6 14. Bc4 Qb6 15. O-O Qxb4 16. Bxb4 a5 17. Bd6 Nf5 18. Rfe1 Nxd6 19. exd6 Bc6 20. Bd3 f5 21. f3 O-O-O 22. fxe4 Rxd6 23. Bc2 Rd2 24. Rac1 Re8 25. Kf1 Kb8 26. Re3 fxe4 27. Rg3 e3 28. Rxg7 Bb5+ 29. Kg1 e2 30. Rg5 e1=Q+ 0-1


[Site "https://www.chess.com"]

[Event "Titled Tuesday Blitz June 28 Late 2022"]
[White "De Souza, Cristiano Gomes"]
[Black "Janturin, Artur"]
[WhiteFideId "2151758"]
[BlackFideId "4130022"]
[WhiteElo "2068"]
[BlackElo "2392"]
[Result "1-0"]
[Round "05"]
[TimeControl "180+1"]
[Date "2022.06.29"]
[WhiteClock "0:00:12"]
[BlackClock "0:00:10"]

1. d4 e6 2. c4 b6 3. Nc3 Bb7 4. a3 f5 5. Nf3 Nf6 6. g3 Be7 7. Bg2 O-O 8. O-O Ne4 9. Qc2 Nxc3 10. Qxc3 Bf6 11. Rd1 d6 12. Qc2 Be4 13. Qd2 Nd7 14. b3 Nc5 15. Qa2 Nd7 16. Qd2 Qe8 17. Bb2 Qh5 18. Ne1 Bxg2 19. Nxg2 g5 20. f3 Bg7 21. Bc3 Rf6 22. Kf2 Re8 23. b4 Rh6 24. Rh1 Qg6 25. h4 Bf6 26. hxg5 Bxg5 27. Nf4 Bxf4 28. Qxf4 Rxh1 29. Rxh1 e5 30. dxe5 dxe5 31. Qd2 Nf6 32. Rh6 Qf7 33. Qg5+ Qg7 34. Qxf6 Qxf6 35. Rxf6 e4 36. Rxf5 e3+ 37. Kg2 Rd8 38. Rd5 Re8 39. Rd7 1-0


[Site "https://www.chess.com"]

[Event "Titled Tuesday Blitz June 28 Late 2022"]
[White "Della Morte, German"]
[Black "Kuzmin, Roman"]
[WhiteFideId "113522"]
[BlackFideId "44134932"]
[WhiteElo "2363"]
[BlackElo "1968"]
[Result "0-1"]
[Round "05"]
[TimeControl "180+1"]
[Date "2022.06.29"]
[WhiteClock "0:00:04"]
[BlackClock "0:00:03"]

1. e4 c5 2. Nf3 d6 3. d4 cxd4 4. Nxd4 Nf6 5. Nc3 a6 6. Bg5 e6 7. f4 h6 8. Bh4 Qb6 9. a3 Nbd7 10. Bf2 Qc7 11. Qf3 b5 12. O-O-O Bb7 13. g4 Be7 14. h4 Nc5 15. Bd3 O-O-O 16. g5 Nfd7 17. Kb1 g6 18. b4 Nxd3 19. cxd3 hxg5 20. hxg5 Kb8 21. Ncxb5 axb5 22. Rc1 Rxh1 23. Qxh1 Qb6 24. Nc6+ Qxc6 25. Rxc6 Bxc6 26. Qh7 Rf8 27. f5 exf5 28. exf5 Bxg5 29. Qh3 Ne5 30. Bg1 Re8 31. fxg6 fxg6 32. Qg3 Bd8 33. Qe3 Bc7 34. Qa7+ Kc8 35. Bb6 Bxb6 36. Qxb6 Kd7 37. Qa7+ Ke6 38. Kc2 Nf3 39. Qg7 Ne5 40. d4 Nc4 41. Qxg6+ Kd7 42. Qf5+ Kc7 43. Qf7+ Bd7 44. a4 Re2+ 45. Kd3 Re3+ 46. Kc2 Re2+ 47. Kd1 Re3 48. axb5 Rd3+ 49. Kc2 Rxd4 50. b6+ Nxb6 51. Kc3 Rc4+ 52. Kb3 Kc6 53. Qf3+ d5 54. Qf6+ Kc7 55. Qe5+ Kb7 56. Qd6 Ba4+ 57. Ka3 Rc3+ 58. Ka2 Rc6 59. Qe7+ Ka6 60. Qf8 Kb5 61. Qe7 Rc2+ 62. Kb1 Rc4 63. Ka2 Rxb4 64. Qe8+ Ka5 65. Qd8 Rc4 66. Kb2 Rc2+ 67. Kb1 Rc4 68. Qd6 d4 69. Kb2 Rc2+ 70. Kb1 Rc4 71. Kb2 Rb4+ 72. Kc1 Kb5 73. Qe5+ Kc4 74. Qe6+ Nd5 75. Qc8+ Kd3 76. Qf5+ Kc4 77. Qc8+ Kb3 78. Qe6 Rc4+ 79. Kd2 Nb4 80. Qf7 d3 81. Qe6 Na2 82. Qf7 Nb4 83. Qe6 Bc6 84. Qg8 Bd5 85. Qb8 Rc2+ 86. Ke3 Re2+ 87. Kf4 Re4+ 88. Kf3 Re8+ 0-1


[Site "https://www.chess.com"]

[Event "Titled Tuesday Blitz June 28 Late 2022"]
[White "Desideri, Ricardo Maruchi"]
[Black "Rosen, Eric"]
[WhiteFideId "2110440"]
[BlackFideId "2032562"]
[WhiteElo "1945"]
[BlackElo "2362"]
[Result "0-1"]
[Round "05"]
[TimeControl "180+1"]
[Date "2022.06.29"]
[WhiteClock "0:01:04"]
[BlackClock "0:01:47"]

1. e4 e5 2. Nf3 Nc6 3. Bc4 Nf6 4. Ng5 Bc5 5. Nxf7 Bxf2+ 6. Kf1 Qe7 7. Nxh8 d5 8. exd5 Nd4 9. h3 Ne4 10. d3 Qf6 11. g4 Be3+ 0-1


[Site "https://www.chess.com"]

[Event "Titled Tuesday Blitz June 28 Late 2022"]
[White "Djokic, Mihailo"]
[Black "Ibarra Jerez, Jose Carlos"]
[WhiteFideId "976440"]
[BlackFideId "2226332"]
[WhiteElo "2255"]
[BlackElo "2628"]
[Result "1-0"]
[Round "05"]
[TimeControl "180+1"]
[Date "2022.06.28"]
[WhiteClock "0:00:04"]
[BlackClock "0:00:04"]

1. e4 c5 2. Nf3 e6 3. d4 cxd4 4. Nxd4 Bc5 5. Nc3 Qb6 6. Na4 Qa5+ 7. c3 Bxd4 8. Qxd4 Nf6 9. Nc5 Nc6 10. Qd6 b6 11. Nb3 Qe5 12. Qxe5 Nxe5 13. f3 d5 14. exd5 Nxd5 15. Bd2 Bb7 16. Bb5+ Bc6 17. Be2 O-O-O 18. O-O-O Bb7 19. Rhe1 Ng6 20. g3 Rd7 21. c4 Nde7 22. Bc3 f6 23. Nd4 Nf8 24. Nb5 Nc6 25. Rxd7 Nxd7 26. Rd1 Nde5 27. f4 Nf7 28. Bf3 a6 29. Nd6+ Nxd6 30. Rxd6 Nd8 31. Bxb7+ Kxb7 32. Rd7+ Kc6 33. Rxg7 e5 34. fxe5 f5 35. b4 Re8 36. Rxh7 b5 37. c5 Ne6 38. Kd2 Kd5 39. Ke3 Kc4 40. Be1 Rd8 41. Re7 Rd3+ 42. Kf2 Nd4 43. Rf7 Rf3+ 44. Kg2 Ra3 45. Bf2 Rxa2 46. e6 Nxe6 47. Rxf5 Kxb4 48. c6 Rc2 49. Rf6 Rxc6 50. h4 a5 51. Be1+ Ka4 52. h5 Rc2+ 53. Bf2 Ng5 54. h6 b4 55. Rg6 Nf7 56. Rf6 Nh8 57. Rf8 Ng6 58. Rg8 Rc6 59. h7 Rc7 60. Rxg6 Rxh7 61. Rb6 Rc7 62. g4 b3 63. g5 Rc4 64. Kf3 Rb4 65. Rxb4+ Kxb4 66. Bd4 a4 67. g6 a3 68. g7 b2 69. g8=Q Ka4 70. Qa2 b1=Q 71. Qxb1 a2 72. Qxa2+ Kb5 73. Qd5+ 1-0


[Site "https://www.chess.com"]

[Event "Titled Tuesday Blitz June 28 Late 2022"]
[White "Domingo Nunez, Ruben"]
[Black "Urbina Perez, Juan Antonio"]
[WhiteFideId "22245570"]
[BlackFideId "2217368"]
[WhiteElo "2376"]
[BlackElo "2192"]
[Result "1-0"]
[Round "05"]
[TimeControl "180+1"]
[Date "2022.06.29"]
[WhiteClock "0:00:07"]
[BlackClock "0:00:04"]

1. c4 c6 2. Nc3 d5 3. g3 Nf6 4. Bg2 dxc4 5. Nf3 Be6 6. O-O g6 7. Ng5 Qd7 8. Nxe6 Qxe6 9. Nb5 Qd7 10. Na3 Bg7 11. Nxc4 O-O 12. Rb1 a5 13. b3 Na6 14. Nb6 Qf5 15. e4 Nxe4 16. Nxa8 Rxa8 17. Bb2 Bh6 18. Bxe4 Qxe4 19. Re1 Qd3 20. Rxe7 Nc5 21. Rc1 Ne4 22. Qc2 Qxc2 23. Rxc2 Nxd2 24. Bc1 Nf3+ 25. Kg2 Nd4 26. Rc4 Nf5 27. Rd7 Bxc1 28. Rxc1 a4 29. Rxb7 axb3 30. axb3 Nd4 31. Rc4 Rd8 32. Rbb4 Ne6 33. Rxc6 Rd2 34. Rb8+ Kg7 35. b4 h5 36. h4 Rb2 37. b5 Nd4 38. Rc5 Ne6 39. Re5 Kf6 40. Re3 Nd4 41. b6 Nf5 42. Rf3 Kg7 43. Rd3 Rb4 44. Rd7 Rb2 45. b7 Ne3+ 46. Kf3 Nc4 47. Re8 1-0


[Site "https://www.chess.com"]

[Event "Titled Tuesday Blitz June 28 Late 2022"]
[White "Estrada Nieto, Julian"]
[Black "Yaksin, Oleg"]
[WhiteFideId "5101018"]
[BlackFideId "24105880"]
[WhiteElo "2252"]
[BlackElo "2256"]
[Result "0-1"]
[Round "05"]
[TimeControl "180+1"]
[Date "2022.06.29"]
[WhiteClock "0:00:01"]
[BlackClock "0:00:05"]

1. e4 e6 2. d4 d5 3. Nd2 c5 4. exd5 Qxd5 5. Ngf3 cxd4 6. Bc4 Qd6 7. O-O Nc6 8. Nb3 Nf6 9. Nbxd4 Nxd4 10. Nxd4 a6 11. Bb3 Qc7 12. Qf3 Bd6 13. h3 Bd7 14. Bg5 O-O-O 15. Rfd1 Rhg8 16. Rd3 Kb8 17. Rc3 Qb6 18. Be3 Qa5 19. Rd1 Bb4 20. Rcd3 e5 21. Qg3 Ka8 22. Ne2 Ne4 23. Qh4 Nf6 24. Bxf7 Rgf8 25. Bb3 e4 26. Rd4 Bc5 27. Rc4 Bxe3 28. fxe3 Bb5 29. Rxd8+ Rxd8 30. Rc5 Qd2 31. Nc3 Qxe3+ 32. Qf2 Qc1+ 33. Kh2 e3 34. Qf3 Rb8 35. Nxb5 axb5 36. Rxb5 Qd2 37. c3 Qd6+ 38. g3 Qa6 0-1


[Site "https://www.chess.com"]

[Event "Titled Tuesday Blitz June 28 Late 2022"]
[White "Fajdetic, Hrvoje"]
[Black "Xie, Bryan"]
[WhiteFideId "14501945"]
[BlackFideId "30941296"]
[WhiteElo "2172"]
[BlackElo "1899"]
[Result "0-1"]
[Round "05"]
[TimeControl "180+1"]
[Date "2022.06.29"]
[WhiteClock "0:00:02"]
[BlackClock "0:00:16"]

1. b3 d5 2. Bb2 c5 3. f4 Nc6 4. Nf3 d4 5. g3 Bf5 6. Bg2 Nf6 7. O-O e6 8. h3 Bd6 9. a4 h5 10. e3 d3 11. Na3 Ne4 12. Kh2 dxc2 13. Nxc2 g5 14. d3 Nxg3 15. Kxg3 gxf4+ 16. exf4 Rg8+ 17. Kf2 Bxf4 18. d4 Qf6 19. Ra2 Qg6 20. Rg1 Bxc2 21. Qe2 Qg3+ 22. Kf1 Bf5 23. d5 Nb4 24. dxe6 Bd3 25. exf7+ Kxf7 26. Ne5+ Bxe5 27. Bxe5 Bxe2+ 28. Rxe2 Qxb3 29. Bf3 Qd1+ 30. Kf2 Qxg1# 0-1


[Site "https://www.chess.com"]

[Event "Titled Tuesday Blitz June 28 Late 2022"]
[White "Fernandez Sanchez, Mario Andres"]
[Black "Golubev, Mikhail"]
[WhiteFideId "6501621"]
[BlackFideId "14100983"]
[WhiteElo "2057"]
[BlackElo "2374"]
[Result "1-0"]
[Round "05"]
[TimeControl "180+1"]
[Date "2022.06.29"]
[WhiteClock "0:00:46"]
[BlackClock "0:00:09"]

1. d4 Nf6 2. Bf4 g6 3. Nc3 d5 4. e3 Bg7 5. h4 h5 6. Nf3 a6 7. Qd2 b6 8. O-O-O Bb7 9. Ne5 c5 10. f3 c4 11. g4 b5 12. g5 Nfd7 13. Bh3 Nxe5 14. dxe5 Nd7 15. e6 Nb6 16. Qh2 Rc8 17. exf7+ Kxf7 18. Bxc8 Qxc8 19. Be5 Qe6 20. Qf4+ Kg8 21. Bxg7 Kxg7 22. Qd4+ Kh7 23. e4 dxe4 24. Nxe4 c3 25. Nxc3 Rc8 26. Rhe1 Qe4 27. Rxe4 1-0


[Site "https://www.chess.com"]

[Event "Titled Tuesday Blitz June 28 Late 2022"]
[White "Fernandez Siles, Luis"]
[Black "Sargsyan, Anna M."]
[WhiteFideId "2209420"]
[BlackFideId "13308130"]
[WhiteElo "2211"]
[BlackElo "2271"]
[Result "1-0"]
[Round "05"]
[TimeControl "180+1"]
[Date "2022.06.29"]
[WhiteClock "0:00:02"]
[BlackClock "0:00:01"]

1. d4 d5 2. c4 c6 3. cxd5 cxd5 4. Bf4 Nc6 5. e3 Nf6 6. Nc3 Bf5 7. Qb3 Na5 8. Qa4+ Bd7 9. Bb5 e6 10. Nf3 a6 11. Bxd7+ Nxd7 12. O-O b5 13. Qd1 Be7 14. Qe2 O-O 15. Rfc1 Rc8 16. Rc2 Nc4 17. Rac1 Ndb6 18. a3 Nxb2 19. Nxd5 Qxd5 20. Rxc8 Rxc8 21. Rxc8+ Nxc8 22. Qxb2 Nb6 23. Nd2 g5 24. Bc7 Na4 25. Qc2 Bxa3 26. Ne4 Be7 27. Bd6 f5 28. Qc8+ Kf7 29. Qd7 fxe4 30. Qxe7+ Kg6 31. Be5 Kh6 32. Qf6+ Kh5 33. Qg7 1-0


[Site "https://www.chess.com"]

[Event "Titled Tuesday Blitz June 28 Late 2022"]
[White "Gabdushev, Ruslan"]
[Black "Gardezi, Arsal"]
[WhiteFideId "4137833"]
[BlackFideId "30949521"]
[WhiteElo "2312"]
[BlackElo "1781"]
[Result "1-0"]
[Round "05"]
[TimeControl "180+1"]
[Date "2022.06.29"]
[WhiteClock "0:00:14"]
[BlackClock "0:00:02"]

1. b3 e5 2. Bb2 Nc6 3. e3 d5 4. Bb5 Bd6 5. f4 Qe7 6. Nf3 f6 7. O-O Be6 8. c4 O-O-O 9. cxd5 Bxd5 10. Nc3 Bxf3 11. Qxf3 Nb4 12. a3 Nc2 13. Nd5 Qe6 14. Rac1 e4 15. Qe2 Qxd5 16. Rxc2 Kb8 17. Bc4 Qf5 18. g4 Qd7 19. Qg2 h5 20. g5 Ne7 21. Qxe4 Qg4+ 22. Qg2 Qf5 23. e4 Qd7 24. d4 fxg5 25. Qxg5 Rhf8 26. e5 Rf5 27. Qxg7 1-0


[Site "https://www.chess.com"]

[Event "Titled Tuesday Blitz June 28 Late 2022"]
[White "Gallegos Diaz, Carlos Alberto"]
[Black "Uddin, Mubassar"]
[WhiteFideId "3900886"]
[BlackFideId "2093944"]
[WhiteElo "2362"]
[BlackElo "2051"]
[Result "1-0"]
[Round "05"]
[TimeControl "180+1"]
[Date "2022.06.29"]
[WhiteClock "0:00:28"]
[BlackClock "0:00:16"]

1. e4 c6 2. d3 d5 3. Nf3 Qc7 4. Be2 e5 5. O-O Nf6 6. Nbd2 Bg4 7. exd5 cxd5 8. Nxe5 Be6 9. d4 Bd6 10. Bb5+ Nc6 11. f4 O-O 12. Bxc6 bxc6 13. Kh1 Rab8 14. Ndf3 c5 15. c3 Rfc8 16. dxc5 Bxc5 17. Nd4 Ne4 18. Qe2 Bd7 19. Nxd7 Qxd7 20. Be3 Qe7 21. Rab1 Re8 22. Qf3 Rb6 23. Nf5 Qe6 24. Bxc5 Nxc5 25. Nd4 Qd6 26. b3 Ne4 27. Rbe1 Qc5 28. Re3 Rb7 29. Rfe1 Rbe7 30. h3 g6 31. Kh2 f5 32. g3 Kf7 33. Ne2 Qa5 34. Ng1 Qxa2+ 35. R1e2 Qxb3 36. Qg2 a5 37. Nf3 a4 38. Nd4 Kg7 39. Nxb3 axb3 40. Rb2 Rb8 41. Qe2 Reb7 42. g4 Nc5 43. Re7+ Kf8 44. Rxb7 Rxb7 45. Qe3 Ne4 46. Qd4 1-0


[Site "https://www.chess.com"]

[Event "Titled Tuesday Blitz June 28 Late 2022"]
[White "Glavina, Pablo"]
[Black "Boder, Jan"]
[WhiteFideId "100234"]
[BlackFideId "16243226"]
[WhiteElo "2369"]
[BlackElo "2064"]
[Result "1-0"]
[Round "05"]
[TimeControl "180+1"]
[Date "2022.06.29"]
[WhiteClock "0:01:00"]
[BlackClock "0:00:17"]

1. e4 e5 2. Nc3 Nf6 3. f4 d6 4. Nf3 Nc6 5. Bb5 exf4 6. d4 Bd7 7. Bxf4 Be7 8. O-O O-O 9. h3 a6 10. Bd3 Nb4 11. Be2 d5 12. e5 Ne4 13. a3 Nxc3 14. bxc3 Nc6 15. Bd3 f5 16. exf6 Bxf6 17. Qd2 Na5 18. Rae1 Nc4 19. Bxc4 dxc4 20. Be5 Bc6 21. Re3 Bxe5 22. Nxe5 Rxf1+ 23. Kxf1 Bd5 24. Kg1 Qf6 25. Qe2 b5 26. Nd7 Qg6 27. Re7 h6 28. Qg4 Qxg4 29. hxg4 a5 30. Ne5 c6 31. Rc7 b4 32. cxb4 axb4 33. axb4 Ra2 34. Nxc6 Rxc2 35. Ne7+ Kh7 36. Nxd5 Kg6 37. b5 Kg5 38. b6 Kxg4 39. Ne3+ Kf4 40. Nxc2 1-0


[Site "https://www.chess.com"]

[Event "Titled Tuesday Blitz June 28 Late 2022"]
[White "Goncalves, Davi Sulzbacher"]
[Black "Hua, Lefong"]
[WhiteFideId "2154510"]
[BlackFideId "2602253"]
[WhiteElo "2107"]
[BlackElo "2599"]
[Result "1/2-1/2"]
[Round "05"]
[TimeControl "180+1"]
[Date "2022.06.29"]
[WhiteClock "0:00:34"]
[BlackClock "0:00:18"]

1. d4 Nf6 2. Nf3 g6 3. c4 Bg7 4. Nc3 O-O 5. e4 d6 6. Be2 Bg4 7. O-O Nfd7 8. Be3 c5 9. d5 Na6 10. Qd2 Nc7 11. h3 Bxf3 12. Bxf3 a6 13. a4 Re8 14. Ra3 e6 15. dxe6 Nxe6 16. Qxd6 Nd4 17. Bg4 Ne5 18. Qxc5 Nxg4 19. hxg4 Ne6 20. Qd5 Qh4 21. Qd1 Rad8 22. Qf3 Be5 23. Qh3 Qe7 24. Nd5 Qf8 25. Bh6 Bg7 26. Bxg7 Qxg7 27. Rf3 Ng5 28. Nf6+ Qxf6 29. Rxf6 Nxh3+ 30. gxh3 Rxe4 31. Rc1 Rd2 32. b4 Ra2 33. a5 Ree2 34. c5 Rab2 35. c6 bxc6 36. Rcxc6 Rxb4 37. Rxa6 Re7 38. Rf3 Ra4 39. Ra8+ Kg7 40. a6 h6 41. Kg2 Re6 42. Ra7 Rf6 43. Kg3 Raxa6 44. Rxa6 Rxa6 45. Re3 g5 46. Rf3 Kg6 47. Re3 f5 48. gxf5+ Kxf5 49. Rf3+ Kg6 50. h4 h5 51. hxg5 Kxg5 52. Rb3 Kg6 53. f3 Rc6 54. Kh4 Rc4+ 55. Kg3 Rc6 56. Kh4 Rc4+ 57. Kg3 Rc6 1/2-1/2


[Site "https://www.chess.com"]

[Event "Titled Tuesday Blitz June 28 Late 2022"]
[White "Gubajdullin, Alexei"]
[Black "Acosta, Pablo Ismael"]
[WhiteFideId "4141202"]
[BlackFideId "124311"]
[WhiteElo "2280"]
[BlackElo "2313"]
[Result "1-0"]
[Round "05"]
[TimeControl "180+1"]
[Date "2022.06.28"]
[WhiteClock "0:00:07"]
[BlackClock "0:00:20"]

1. c4 g6 2. Nf3 Bg7 3. g3 c5 4. Bg2 Nc6 5. O-O d6 6. Nc3 e6 7. a3 Nge7 8. b4 O-O 9. Rb1 Rb8 10. bxc5 dxc5 11. Ne4 b6 12. d3 f5 13. Ned2 Bb7 14. Bb2 e5 15. a4 Qd6 16. Qb3 h6 17. Bc3 Nd4 18. Bxd4 exd4 19. a5 bxa5 20. Qa3 Nc6 21. Nb3 Rfc8 22. Qxc5 Qxc5 23. Nxc5 Ba8 24. Nh4 Kh7 25. Bd5 Ne7 26. Bxa8 Rxa8 27. Rb7 Bf6 28. Nd7 Bxh4 29. gxh4 Kg7 30. Ra1 Kf7 31. Rxa5 Ke8 32. Ne5 a6 33. c5 Rcb8 34. Rb6 Rxb6 35. cxb6 Rb8 36. Nc4 Kd7 37. Rxa6 Rb7 38. Ra7 Kc6 39. Na5+ Kxb6 40. Rxb7+ Kxa5 41. Rxe7 Kb4 42. Re6 Kc3 43. Rxg6 Kd2 44. Rxh6 Kxe2 45. Kg2 f4 46. Rf6 f3+ 47. Rxf3 Kd2 48. h5 1-0


[Site "https://www.chess.com"]

[Event "Titled Tuesday Blitz June 28 Late 2022"]
[White "Gurevich, Dmitry"]
[Black "Ipek, Egehan"]
[WhiteFideId "2000407"]
[BlackFideId "44523793"]
[WhiteElo "2506"]
[BlackElo "1413"]
[Result "1-0"]
[Round "05"]
[TimeControl "180+1"]
[Date "2022.06.29"]
[WhiteClock "0:00:09"]
[BlackClock "0:00:06"]

1. d4 d5 2. c4 c6 3. Nf3 Nf6 4. Nc3 dxc4 5. a4 Bf5 6. Nh4 e6 7. Nxf5 exf5 8. Bg5 Bb4 9. e3 b5 10. axb5 cxb5 11. Qf3 Bxc3+ 12. bxc3 Qd5 13. Bxf6 Qxf3 14. gxf3 gxf6 15. Bh3 Nd7 16. Bxf5 Ke7 17. Ra6 Nb8 18. Ra5 a6 19. Be4 Ra7 20. Ke2 Rd8 21. Rb1 Rdd7 22. Bxh7 Nc6 23. Ra2 Nd8 24. Bf5 Rdb7 25. Be4 Rb6 26. Ra5 Ne6 27. h4 Rd7 28. h5 Nc7 29. h6 Rd8 30. h7 Rh8 31. Rg1 Rbb8 32. Raa1 Ke6 33. Rg7 f5 34. Bc6 Kf6 35. Rag1 Rb6 36. d5 a5 37. e4 fxe4 38. fxe4 b4 39. f4 b3 40. e5+ Kf5 41. Kf3 f6 42. Bd7+ Ne6 43. dxe6 fxe5 44. e7+ Kf6 45. e8=Q Rxe8 46. Bxe8 e4+ 47. Ke3 b2 48. h8=Q b1=Q 49. Rxb1 Rxb1 50. Rc7+ Ke6 51. Qe5# 1-0


[Site "https://www.chess.com"]

[Event "Titled Tuesday Blitz June 28 Late 2022"]
[White "Hakobyan, Aram"]
[Black "Korchmar, Vasiliy"]
[WhiteFideId "13306677"]
[BlackFideId "24131750"]
[WhiteElo "2557"]
[BlackElo "2370"]
[Result "1-0"]
[Round "05"]
[TimeControl "180+1"]
[Date "2022.06.28"]
[WhiteClock "0:01:01"]
[BlackClock "0:00:02"]

1. e4 c5 2. Nf3 d6 3. Bb5+ Nd7 4. g4 a6 5. Be2 g6 6. a4 Bg7 7. Nc3 b6 8. d4 cxd4 9. Nxd4 Bb7 10. h4 Ngf6 11. f3 O-O 12. h5 d5 13. hxg6 hxg6 14. Bh6 Bxh6 15. Rxh6 dxe4 16. Qd2 e5 17. Nf5 Nh7 18. Rxh7 gxf5 19. Rh5 e3 20. Qd6 f6 21. O-O-O Nc5 22. Rg5+ Kf7 23. Bc4+ 1-0


[Site "https://www.chess.com"]